 Dungeon Crawl Stone Soup version 0.29.0-4-gdea44cf6ec (webtiles) character file.

Game seed: 9715875145288162438

5896 qw the Cleaver (level 10, 0/60 HPs)
             Began as a Tengu Warper on Aug 28, 2022.
             Was a Follower of Okawaru.
             Slain by a cane toad (7 damage)
             ... on level 1 of the Lair of Beasts.
             The game lasted 00:01:10 (10890 turns).

qw the Cleaver (Tengu Warper)                      Turns: 10890, Time: 00:01:11

Health: 0/60       AC: 23    Str: 14    XL:     10   Next: 82%
Magic:  11/12      EV: 13    Int: 10    God:    Okawaru [*.....]
Gold:   616        SH:  0    Dex: 26    Spells: 13/13 levels left

rFire   . . .      SeeInvis .   l - +9 war axe of Defence {protect, Drain +Blink rCorr Int-3}
rCold   + . .      Faith    .   (no shield)
rNeg    . . .      Spirit   .   m - +3 plate armour
rPois   .          Reflect  .   (helmet restricted)
rElec   .          Harm     .   (no cloak)
rCorr   +          Rampage  .   (no gloves)
Will    .....                   (boots unavailable)
Stlth   ..........              (no amulet)
HPRegen 0.20/turn               c - ring of protection from cold
MPRegen 0.13/turn               k - +6 ring of dexterity

@: about to teleport, heroic, under a protective aura, flying quickly and
evasively, mesmerised, quick
A: beak, talons 3, nimble flight, thin skeletal structure 1, agile 1, low MP 1
a: Renounce Religion, Evoke Blink, Heroism


You were on level 1 of the Lair of Beasts.
You worshipped Okawaru.
Okawaru was aware of your devotion.
You visited 3 branches of the dungeon, and saw 11 of its levels.

You collected 616 gold pieces.


Innate Abilities, Weirdness & Mutations

You have a beak for a mouth.
You have claws for feet.
Your magical nature lets you fly swiftly and evasively.
You have a somewhat thin skeletal structure. (Dex +2, Stealth+)
You are agile. (Dex +4, Str/Int -1)
Your magical capacity is low. (-10% MP)


   Skills:
 - Level 6.1(11.1) Fighting
 - Level 13.2(18.2) Axes
 - Level 3.0(8.0) Throwing
 + Level 3.6(8.6) Armour
 - Level 7.5(12.5) Dodging
 - Level 2.0 Spellcasting
 - Level 2.4 Translocations
 + Level 2.7 Invocations


You had 13 spell levels left.
You didn't know any spells.
Your spell library contained the following spells:

 Spells                   Type           Power      Damage    Failure   Level
 Blink                    Tloc           10%        N/A       100%        2
 Gell's Gravitas          Tloc           5%         N/A       100%        3
 Lesser Beckoning         Tloc           5%         N/A       100%        3
 Teleport Other           Tloc           5%         N/A       100%        3
 Manifold Assault         Tloc           5%         N/A       100%        5

Inventory:

Hand Weapons
 d - a +0 morningstar
 l - the +9 war axe of Defence (weapon) {protect, Drain +Blink rCorr Int-3}
   (You found it on level 3 of the Dungeon)

   It grants its wielder temporary protection when it strikes (+7 to AC).
   Int:       It affects your intelligence (-3).
   +Blink:    It lets you blink.
   rCorr:     It protects you from acid and corrosion.
   Drain:     It drains your maximum health when unequipped.
Missiles
 f - 2 javelins (quivered)
Armour
 m - a +3 plate armour (worn)
Jewellery
 c - a ring of protection from cold (left hand)
 k - a +6 ring of dexterity (right hand)
Scrolls
 g - a scroll of identify
Potions
 j - 3 potions of haste
 n - a potion of magic

Dungeon Overview and Level Annotations

Branches:
Dungeon (9/15)             Temple (1/1) D:5            Lair (1/5) D:9
    Orc: D:9-12

Altars:
Ashenzari
Cheibriados
Dithmenos
Elyvilon
Fedhas
Gozag
Hepliaklqana
Kikubaaqudgha
Makhleb
Nemelex Xobeh
Okawaru
Qazlal
Ru
Sif Muna
Trog
Uskayaw
Vehumet
Xom
Yredelemnul
Zin
The Shining One

Annotations:
D:7 2 runed translucent doors, qw's ghost, novice TeWr
D:8 2 transporters, qw's ghost, novice TeWr
D:9 3 runed translucent doors, qw's ghost, journeyman TeWr
Lair:1 Maggie


Message History

You peck the blink frog.
The blink frog is heavily wounded.
You miss the water moccasin.
A nearby fungus withers and dies.
The blink frog blinks! x3
The blink frog hits you but does no damage.
The water moccasin closely misses you.
You completely miss the blink frog. You claw the blink frog!
Your peck misses the blink frog.
The blink frog is almost dead.
You slash the water moccasin! You slice the blink frog!!
You closely miss the komodo dragon. You slash the cane toad!
The komodo dragon bites you. The blink frog hits you!
The blink frog blinks!
The cane toad stings you! The blink frog misses you.
The water moccasin completely misses you.
You slice the blink frog!!
You kill the blink frog!
Okawaru accepts your kill.
You slice the water moccasin!! You closely miss the blink frog.
You hit the komodo dragon. You barely miss the cane toad.
The blink frog hits you! The komodo dragon closely misses you.
The water moccasin barely misses you.
Maggie gestures wildly while chanting.
Maggie draws you further into her thrall.
The cane toad stings you but does no damage.
10889 ||| READING scroll of teleportation.
As you read the scroll of teleportation, it crumbles to dust.
You feel strangely unstable.
The blink frog hits you but does no damage. x2
The water moccasin closely misses you. The cane toad barely misses you.
The blink frog blinks!
The komodo dragon bites you but does no damage.
You slice the water moccasin!!
You kill the water moccasin!
Okawaru accepts your kill.
You barely miss the blink frog. You slice the blink frog!!
You slash the komodo dragon! You hit the cane toad but do no damage.
You hit the blink frog but do no damage.
The blink frog hits you but does no damage. x3
The cane toad stings you!
You die...

....
.............#. .
.........#..... F.
.¤.......#........
.........#[.. ...
....F....#.. .F ..
......F...##.#....
....F.FFF.<..?....
#.¤F@FS........
#....#..l@........
... +.#.##.##....
# #.... ... #..
........... @
...#.......#
............#
.....#.......l


You could see Maggie (mesmerising), a komodo dragon, a cane toad, 7 blink frogs
and a water moccasin.

Vanquished Creatures
  Pikel (D:5)
  An elephant (D:9)
  Grinder (D:4)
  3 blink frogs (Lair:1)
  A yak (D:9)
  A vampire (D:9)
  Eustachio (D:4)
  A basilisk (D:9)
  A steam dragon (D:8)
  2 water moccasins
  An orc warrior (D:8)
  3 black bears
  4 ogres
  A centaur (D:7)
  4 lemures (D:5)
  2 phantoms
  3 kobold brigands
  3 bullfrogs
  A necrophage (D:4)
  6 scorpions
  5 wights (D:6)
  7 killer bees
  3 howler monkeys (D:8)
  A jelly (D:6)
  4 hounds
  7 orc priests
  7 iguanas
  Natasha (thrice) (D:3)
  12 orc wizards
  3 adders
  2 shadow imps
  4 white imps
  2 ufetubi
  2 adder skeletons (D:2)
  2 worms (D:4)
  2 dart slugs (D:1)
  24 orcs
  8 bats
  2 bat skeletons (D:2)
  A bat zombie (D:2)
  9 endoplasms
  3 giant cockroaches
  9 goblins
  8 hobgoblins
  9 jackals
  5 quokkas
  2 ball pythons
  5 frilled lizards
  17 kobolds
  A quokka skeleton (D:2)
  11 rats
221 creatures vanquished.

Vanquished Creatures (others)
  9 fungi
  3 withered plants (D:2)
12 creatures vanquished.

Grand Total: 233 creatures vanquished

Notes
Turn   | Place    | Note
-------+----------+-------------------------------------------
     0 | D:1      | qw the Tengu Warper began the quest for the Orb.
     0 | D:1      | Reached XP level 1. HP: 12/12 MP: 4/4
     0 | D:1      | 0 ||| qw: Version: 0.1-a-89-g26bdef1
     0 | D:1      | 0 ||| qw: Game counter: 1180
     0 | D:1      | 0 ||| qw: Always use a shield: true
     0 | D:1      | 0 ||| qw: God list: Okawaru
     0 | D:1      | 0 ||| qw: Allow faded altars: false
     0 | D:1      | 0 ||| qw: Do Orc after D:15 true
     0 | D:1      | 0 ||| qw: Do second Lair branch before Depths: true
     0 | D:1      | 0 ||| qw: Lair rune preference: random
     0 | D:1      | 0 ||| qw: Plans: Normal
     0 | D:1      | 0 ||| PLANNING D:1-11
    30 | D:1      | Reached skill level 3 in Axes
    30 | D:1      | Reached XP level 2. HP: 17/17 MP: 6/6
   305 | D:1      | Reached XP level 3. HP: 21/21 MP: 7/7
   566 | D:1      | Found a faded altar of an unknown god.
   740 | D:1      | 740 ||| UPGRADING to +0 ring mail.
   750 | D:1      | 750 ||| DROPPING +0 leather armour.
   751 | D:1      | 751 ||| DROPPING +6 ring of intelligence.
   752 | D:1      | 752 ||| READING scroll labelled SYIMISACRA.
   753 | D:1      | 753 ||| READING scroll labelled PYFFYALIEN.
   754 | D:1      | 754 ||| READING scroll labelled USOJATAFANK.
   755 | D:1      | 755 ||| READING scroll labelled YPPOGY JYUK.
   756 | D:1      | 756 ||| DROPPING scroll of blinking.
   774 | D:2      | Reached skill level 4 in Axes
   803 | D:2      | 803 ||| FLEEEEING.
   868 | D:2      | Identified the +4 ring mail "Omimoen" {SInv}
   889 | D:2      | 889 ||| Stepping ~*~*~tactically~*~*~ (stealth).
   892 | D:2      | 892 ||| Stepping ~*~*~tactically~*~*~ (stealth).
   893 | D:2      | 893 ||| Stepping ~*~*~tactically~*~*~ (stealth).
   918 | D:2      | 918 ||| Stepping ~*~*~tactically~*~*~ (stealth).
   929 | D:2      | HP: 2/21 [frozen (4)]
  1173 | D:2      | 1173 ||| Stepping ~*~*~tactically~*~*~ (stealth).
  1175 | D:2      | 1175 ||| Stepping ~*~*~tactically~*~*~ (stealth).
  1178 | D:2      | 1178 ||| Stepping ~*~*~tactically~*~*~ (stealth).
  1234 | D:2      | Reached XP level 4. HP: 26/26 MP: 8/8
  1251 | D:2      | 1251 ||| Stepping ~*~*~tactically~*~*~ (water).
  1963 | D:2      | 1963 ||| UPGRADING to +4 ring mail "Omimoen" {SInv}.
  1973 | D:2      | 1973 ||| DROPPING +0 ring mail.
  1974 | D:2      | 1974 ||| READING scroll labelled VAJETA JYAC.
  1975 | D:2      | 1975 ||| READING 2 scrolls labelled PUUCIU XOEKKO.
  1976 | D:2      | 1976 ||| READING scroll labelled ESUSIU BAOMU.
  2077 | D:2      | 2077 ||| DRINKING 2 metallic inky potions.
  2078 | D:2      | 2078 ||| DROPPING scroll of fog.
  2155 | D:3      | Reached skill level 5 in Axes
  2240 | D:3      | Found a basalt altar of Yredelemnul.
  2244 | D:3      | Noticed Natasha
  2253 | D:3      | Killed Natasha
  2282 | D:3      | Noticed Natasha
  2284 | D:3      | 2284 ||| Stepping ~*~*~tactically~*~*~ (hiding).
  2293 | D:3      | Killed Natasha
  2294 | D:3      | Gained mutation: Your magical nature lets you fly swiftly
                  | and evasively. [Tengu growth]
  2294 | D:3      | Reached XP level 5. HP: 28/30 MP: 9/9
  2372 | D:3      | Reached skill level 6 in Axes
  2584 | D:3      | 2584 ||| DROPPING +0 club.
  2613 | D:3      | Identified the +8 trident "Killer Bee's Regret" {holy,
                  | Int+2}
  2789 | D:3      | Identified the +9 war axe of Defence {protect, Drain +Blink
                  | rCorr Int-3}
  2791 | D:3      | 2791 ||| SWAPPING to +9 war axe of Defence {protect, Drain
                  | +Blink rCorr Int-3}.
  2792 | D:3      | 2792 ||| DROPPING +0 hand axe.
  2821 | D:3      | Noticed Natasha
  2822 | D:3      | 2822 ||| Stepping ~*~*~tactically~*~*~ (hiding).
  2826 | D:3      | Killed Natasha
  2827 | D:3      | Reached XP level 6. HP: 34/35 MP: 10/10
  2913 | D:3      | 2913 ||| Stepping ~*~*~tactically~*~*~ (stealth).
  2950 | D:3      | Found the +6 shillelagh "Devastator" {shatter}
  2957 | D:3      | 2957 ||| DROPPING +0 whip.
  3277 | D:3      | 3277 ||| READING scroll labelled UCKATEXTIOM.
  3281 | D:3      | 3281 ||| DRINKING 2 smoky black potions.
  3282 | D:3      | 3282 ||| DRINKING 2 bubbling puce potions.
  3282 | D:3      | Gained mutation: You expend magic power (3 MP) to
                  | strengthen your wands. [potion of mutation]
  3282 | D:3      | Gained mutation: You occasionally lose the ability to read
                  | scrolls when taking damage. [potion of mutation]
  3283 | D:3      | 3283 ||| DRINKING potion of mutation.
  3283 | D:3      | Lost mutation: You expend magic power (3 MP) to strengthen
                  | your wands. [potion of mutation]
  3283 | D:3      | Lost mutation: You occasionally lose the ability to read
                  | scrolls when taking damage. [potion of mutation]
  3283 | D:3      | Gained mutation: Your magical capacity is low. (-10% MP)
                  | [potion of mutation]
  3283 | D:3      | Gained mutation: You have a somewhat thin skeletal
                  | structure. (Dex +2, Stealth+) [potion of mutation]
  3283 | D:3      | Gained mutation: You are agile. (Dex +4, Str/Int -1)
                  | [potion of mutation]
  3284 | D:3      | 3284 ||| DROPPING potion of brilliance.
  3336 | D:4      | 3336 ||| STAIRDANCE
  3647 | D:4      | Reached skill level 3 in Dodging
  3667 | D:4      | 3667 ||| Stepping ~*~*~tactically~*~*~ (stealth).
  3668 | D:4      | 3668 ||| Stepping ~*~*~tactically~*~*~ (stealth).
  3670 | D:4      | 3670 ||| Stepping ~*~*~tactically~*~*~ (stealth).
  3672 | D:4      | 3672 ||| Stepping ~*~*~tactically~*~*~ (stealth).
  3674 | D:4      | 3674 ||| Stepping ~*~*~tactically~*~*~ (hiding).
  3682 | D:4      | 3682 ||| Stepping ~*~*~tactically~*~*~ (hiding).
  3684 | D:4      | 3684 ||| Stepping ~*~*~tactically~*~*~ (stealth).
  3697 | D:4      | Reached skill level 7 in Axes
  3737 | D:4      | 3737 ||| FLEEEEING.
  3738 | D:4      | 3738 ||| FLEEEEING.
  3739 | D:4      | 3739 ||| FLEEEEING.
  3751 | D:4      | 3751 ||| FLEEEEING.
  3752 | D:4      | 3752 ||| FLEEEEING.
  3753 | D:4      | 3753 ||| STAIRDANCE
  3863 | D:3      | 3863 ||| READING 2 scrolls of identify.
  3863 | D:3      | 3863 ||| IDENTIFYING smoky orange potion
  3864 | D:3      | 3864 ||| DROPPING potion of lignification.
  4019 | D:4      | Reached skill level 3 in Fighting
  4157 | D:4      | Reached XP level 7. HP: 41/41 MP: 10/10
  4186 | D:4      | 4186 ||| FLEEEEING.
  4200 | D:4      | 4200 ||| FLEEEEING.
  4274 | D:4      | 4274 ||| Stepping ~*~*~tactically~*~*~ (stealth).
  4279 | D:4      | 4279 ||| Stepping ~*~*~tactically~*~*~ (stealth).
  4312 | D:4      | Noticed Grinder
  4322 | D:4      | Paralysed by Grinder for 5 turns
  4329 | D:4      | Killed Grinder
  4330 | D:4      | Reached skill level 8 in Axes
  4358 | D:4      | Noticed Eustachio
  4373 | D:4      | Killed Eustachio
  4374 | D:4      | Reached XP level 8. HP: 44/46 MP: 10/10
  4702 | D:4      | 4702 ||| READING scroll labelled CIPLESHR OC UTI.
  4703 | D:4      | 4703 ||| READING scroll labelled GITOIG LAF.
  4704 | D:4      | 4704 ||| DRINKING 2 silvery potions.
  4705 | D:4      | 4705 ||| READING 2 scrolls of identify.
  4705 | D:4      | 4705 ||| IDENTIFYING viscous emerald potion
  4706 | D:4      | 4706 ||| DROPPING potion of berserk rage.
  4757 | D:5      | Entered Level 5 of the Dungeon
  4828 | D:5      | 4828 ||| Stepping ~*~*~tactically~*~*~ (stealth).
  4830 | D:5      | 4830 ||| Stepping ~*~*~tactically~*~*~ (stealth).
  4832 | D:5      | 4832 ||| Stepping ~*~*~tactically~*~*~ (stealth).
  4844 | D:5      | 4844 ||| Stepping ~*~*~tactically~*~*~ (stealth).
  4870 | D:5      | 4870 ||| Stepping ~*~*~tactically~*~*~ (stealth).
  4872 | D:5      | 4872 ||| Stepping ~*~*~tactically~*~*~ (stealth).
  4874 | D:5      | 4874 ||| Stepping ~*~*~tactically~*~*~ (stealth).
  4876 | D:5      | 4876 ||| Stepping ~*~*~tactically~*~*~ (hiding).
  4888 | D:5      | Reached skill level 9 in Axes
  4921 | D:5      | 4921 ||| Stepping ~*~*~tactically~*~*~ (stealth).
  5131 | D:5      | Found a staircase to the Ecumenical Temple.
  5132 | D:5      | 5132 ||| PLANNING TEMPLE
  5132 | D:5      | 5132 ||| READING 2 scrolls of identify.
  5132 | D:5      | 5132 ||| IDENTIFYING ruby potion
  5133 | D:5      | 5133 ||| DROPPING potion of attraction.
  5143 | Temple   | Entered the Ecumenical Temple
  5143 | Temple   | Noticed a red devil
  5143 | Temple   | Noticed an ice devil
  5144 | Temple   | Noticed Umpic the pandemonium lord
  5144 | Temple   | Noticed Maab the pandemonium lord
  5146 | Temple   | Noticed Taotemo the pandemonium lord
  5147 | Temple   | Noticed an Ice Fiend
  5186 | Temple   | Noticed a hell beast
  5186 | Temple   | Noticed a smoke demon
  5187 | Temple   | Noticed a Brimstone Fiend
  5187 | Temple   | Noticed Zyutuoq the pandemonium lord
  5188 | Temple   | Noticed a sixfirhy
  5188 | Temple   | Noticed a Tzitzimitl
  5205 | Temple   | Noticed Wodwoe the pandemonium lord
  5219 | Temple   | Noticed a balrug
  5219 | Temple   | Noticed Fafuz the pandemonium lord
  5234 | Temple   | 5234 ||| PLANNING D:1-11
  5499 | D:5      | Noticed Pikel
  5515 | D:5      | Killed Pikel
  5516 | D:5      | Reached skill level 10 in Axes
  5516 | D:5      | Reached XP level 9. HP: 37/52 MP: 11/11
  5873 | D:6      | 5873 ||| Stepping ~*~*~tactically~*~*~ (stealth).
  5895 | D:6      | 5895 ||| Stepping ~*~*~tactically~*~*~ (stealth).
  5897 | D:6      | 5897 ||| Stepping ~*~*~tactically~*~*~ (stealth).
  5899 | D:6      | 5899 ||| Stepping ~*~*~tactically~*~*~ (stealth).
  5901 | D:6      | 5901 ||| Stepping ~*~*~tactically~*~*~ (stealth).
  5903 | D:6      | 5903 ||| Stepping ~*~*~tactically~*~*~ (stealth).
  5905 | D:6      | 5905 ||| Stepping ~*~*~tactically~*~*~ (stealth).
  5907 | D:6      | 5907 ||| Stepping ~*~*~tactically~*~*~ (stealth).
  5909 | D:6      | 5909 ||| Stepping ~*~*~tactically~*~*~ (stealth).
  5913 | D:6      | 5913 ||| Stepping ~*~*~tactically~*~*~ (stealth).
  5956 | D:6      | 5956 ||| Stepping ~*~*~tactically~*~*~ (stealth).
  5958 | D:6      | 5958 ||| Stepping ~*~*~tactically~*~*~ (stealth).
  5960 | D:6      | 5960 ||| Stepping ~*~*~tactically~*~*~ (stealth).
  5962 | D:6      | 5962 ||| Stepping ~*~*~tactically~*~*~ (stealth).
  5965 | D:6      | 5965 ||| Stepping ~*~*~tactically~*~*~ (stealth).
  5968 | D:6      | 5968 ||| Stepping ~*~*~tactically~*~*~ (hiding).
  6006 | D:6      | 6006 ||| DROPPING +6 shillelagh "Devastator" {shatter}.
  6047 | D:6      | 6047 ||| Stepping ~*~*~tactically~*~*~ (hiding).
  6149 | D:6      | 6149 ||| Stepping ~*~*~tactically~*~*~ (hiding).
  6157 | D:6      | Reached skill level 11 in Axes
  6216 | D:6      | 6216 ||| Stepping ~*~*~tactically~*~*~ (hiding).
  6322 | D:6      | 6322 ||| Stepping ~*~*~tactically~*~*~ (hiding).
  6334 | D:6      | HP: 9/54 [ogre/+0 giant club (22)]
  6335 | D:6      | 6335 ||| READING scroll of teleportation.
  6337 | D:6      | Reached skill level 6 in Dodging
  6339 | D:6      | Reached skill level 3 in Throwing
  6874 | D:6      | 6874 ||| Stepping ~*~*~tactically~*~*~ (hiding).
  6976 | D:6      | 6976 ||| Stepping ~*~*~tactically~*~*~ (hiding).
  7078 | D:6      | 7078 ||| Stepping ~*~*~tactically~*~*~ (hiding).
  7180 | D:6      | 7180 ||| Stepping ~*~*~tactically~*~*~ (hiding).
  7583 | D:6      | 7583 ||| READING scroll labelled VUNOID UDEIHAE.
  7603 | D:7      | 7603 ||| Stepping ~*~*~tactically~*~*~ (stealth).
  7640 | D:7      | Found a snail-covered altar of Cheibriados.
  7694 | D:7      | Found a large runed translucent door.
  7694 | D:7      | Found a large runed translucent door.
  7698 | D:7      | Noticed qw's ghost (novice TeWr)
  7758 | D:7      | 7758 ||| Stepping ~*~*~tactically~*~*~ (stealth).
  7759 | D:7      | 7759 ||| Stepping ~*~*~tactically~*~*~ (stealth).
  7761 | D:7      | 7761 ||| Stepping ~*~*~tactically~*~*~ (stealth).
  7880 | D:7      | 7880 ||| Stepping ~*~*~tactically~*~*~ (hiding).
  7987 | D:7      | 7987 ||| Stepping ~*~*~tactically~*~*~ (stealth).
  7988 | D:7      | 7988 ||| Stepping ~*~*~tactically~*~*~ (stealth).
  7991 | D:7      | 7991 ||| Stepping ~*~*~tactically~*~*~ (stealth).
  8151 | D:7      | Reached skill level 12 in Axes
  8303 | D:7      | 8303 ||| Stepping ~*~*~tactically~*~*~ (hiding).
  8405 | D:7      | 8405 ||| Stepping ~*~*~tactically~*~*~ (stealth).
  8407 | D:7      | 8407 ||| Stepping ~*~*~tactically~*~*~ (hiding).
  8413 | D:7      | Reached XP level 10. HP: 60/60 MP: 12/12
  8420 | D:7      | 8420 ||| Stepping ~*~*~tactically~*~*~ (stealth).
  8436 | D:7      | Reached skill level 6 in Fighting
  8613 | D:7      | 8613 ||| Stepping ~*~*~tactically~*~*~ (hiding).
  8715 | D:7      | 8715 ||| Stepping ~*~*~tactically~*~*~ (hiding).
  8883 | D:7      | 8883 ||| READING 3 scrolls of identify.
  8883 | D:7      | 8883 ||| IDENTIFYING fuming sapphire potion
  8884 | D:7      | 8884 ||| READING 2 scrolls of identify.
  8884 | D:7      | 8884 ||| IDENTIFYING green potion
  8885 | D:7      | 8885 ||| DROPPING potion of degeneration.
  8886 | D:7      | 8886 ||| DROPPING potion of invisibility.
  8983 | D:8      | Found a hazy altar of Hepliaklqana.
  9002 | D:8      | 9002 ||| Stepping ~*~*~tactically~*~*~ (stealth).
  9014 | D:8      | 9014 ||| Stepping ~*~*~tactically~*~*~ (stealth).
  9064 | D:8      | 9064 ||| Stepping ~*~*~tactically~*~*~ (hiding).
  9066 | D:8      | 9066 ||| Stepping ~*~*~tactically~*~*~ (hiding).
  9230 | D:8      | 9230 ||| Stepping ~*~*~tactically~*~*~ (stealth).
  9236 | D:8      | Found an iron altar of Okawaru.
  9248 | D:8      | 9248 ||| Stepping ~*~*~tactically~*~*~ (cloud).
  9293 | D:8      | Became a worshipper of Warmaster Okawaru
  9326 | D:8      | Found a burning altar of Makhleb.
  9414 | D:8      | Found a transporter.
  9414 | D:8      | Found a transporter.
  9439 | D:8      | Noticed a moth of wrath
  9439 | D:8      | Noticed qw's ghost (novice TeWr)
  9466 | D:8      | Found a bloodstained altar of Trog.
  9508 | D:8      | Found a stormy altar of Qazlal.
  9556 | D:8      | 9556 ||| READING scroll of teleportation.
  9712 | D:8      | 9712 ||| UPGRADING to ring of protection from cold.
  9765 | D:9      | 9765 ||| STAIRDANCE
  9779 | D:9      | 9779 ||| Stepping ~*~*~tactically~*~*~ (stealth).
  9781 | D:9      | 9781 ||| Stepping ~*~*~tactically~*~*~ (stealth).
  9783 | D:9      | 9783 ||| Stepping ~*~*~tactically~*~*~ (stealth).
  9789 | D:9      | 9789 ||| Stepping ~*~*~tactically~*~*~ (stealth).
  9794 | D:9      | 9794 ||| Stepping ~*~*~tactically~*~*~ (stealth).
  9796 | D:9      | 9796 ||| Stepping ~*~*~tactically~*~*~ (stealth).
  9798 | D:9      | 9798 ||| Stepping ~*~*~tactically~*~*~ (stealth).
  9800 | D:9      | 9800 ||| Stepping ~*~*~tactically~*~*~ (stealth).
  9804 | D:9      | Reached skill level 13 in Axes
  9992 | D:9      | 9992 ||| Stepping ~*~*~tactically~*~*~ (hiding).
 10106 | D:9      | Found a staircase to the Lair.
 10106 | D:9      | Noticed an elephant
 10107 | D:9      | 10107 ||| Stepping ~*~*~tactically~*~*~ (stealth).
 10110 | D:9      | 10110 ||| Stepping ~*~*~tactically~*~*~ (hiding).
 10125 | D:9      | 10125 ||| DRINKING potion of curing.
 10125 | D:9      | 10125 ||| (to cure confusion)
 10135 | D:9      | Killed an elephant
 10135 | D:9      | Reached * piety under Okawaru
 10145 | D:9      | 10145 ||| INVOKING Heroism.
 10292 | D:9      | Found a runed translucent gate.
 10293 | D:9      | Found a runed translucent gate.
 10293 | D:9      | Found a runed translucent gate.
 10295 | D:9      | Found an opulent altar of Gozag.
 10296 | D:9      | Noticed a centaur warrior
 10298 | D:9      | Noticed a six-headed hydra
 10298 | D:9      | Noticed qw's ghost (journeyman TeWr)
 10305 | D:9      | Reached skill level 1 in Invocations
 10309 | D:9      | 10309 ||| INVOKING Heroism.
 10782 | D:9      | 10782 ||| DROPPING +0 chain mail.
 10783 | D:9      | 10783 ||| PLANNING LAIR
 10783 | D:9      | 10783 ||| UPGRADING to +0 plate armour.
 10793 | D:9      | 10793 ||| DROPPING +4 ring mail "Omimoen" {SInv}.
 10794 | D:9      | 10794 ||| READING 3 scrolls of enchant armour.
 10794 | D:9      | 10794 ||| ENCHANTING +0 plate armour.
 10795 | D:9      | 10795 ||| READING 2 scrolls of enchant armour.
 10795 | D:9      | 10795 ||| ENCHANTING +1 plate armour.
 10796 | D:9      | 10796 ||| READING scroll of enchant armour.
 10796 | D:9      | 10796 ||| ENCHANTING +2 plate armour.
 10797 | D:9      | 10797 ||| UPGRADING to +6 ring of dexterity.
 10798 | D:9      | 10798 ||| READING scroll labelled POSEUF PUSMAKU.
 10799 | D:9      | 10799 ||| READING 3 scrolls of identify.
 10799 | D:9      | 10799 ||| IDENTIFYING blue potion
 10800 | D:9      | 10800 ||| READING 2 scrolls of identify.
 10800 | D:9      | 10800 ||| IDENTIFYING sapphire potion
 10801 | D:9      | 10801 ||| DROPPING potion of flight.
 10802 | D:9      | 10802 ||| READING 2 scrolls of teleportation.
 10836 | D:9      | Noticed a cyclops
 10839 | D:9      | a cyclops changed into a redback
 10875 | Lair:1   | Entered Level 1 of the Lair of Beasts
 10875 | Lair:1   | Noticed Maggie
 10876 | Lair:1   | 10876 ||| Stepping ~*~*~tactically~*~*~ (hiding).
 10877 | Lair:1   | 10877 ||| Stepping ~*~*~tactically~*~*~ (stealth).
 10878 | Lair:1   | 10878 ||| INVOKING Heroism.
 10879 | Lair:1   | Noticed a cane toad
 10885 | Lair:1   | Reached skill level 3 in Armour
 10888 | Lair:1   | HP: 7/60 [blink frog (10)]
 10889 | Lair:1   | 10889 ||| READING scroll of teleportation.
 10890 | Lair:1   | Slain by a cane toad

Levels and vault maps discovered:
D:1:      saegor_arrival_simple_a, layout_rooms,
          chequers_ecumenical_altar_grove, serial_rivers,
          chequers_serial_rivers_micro_a, chequers_serial_rivers_small_3,
          chequers_serial_rivers_large_a, chequers_serial_rivers_micro_a,
          chequers_serial_rivers_large_b, chequers_serial_rivers_micro_d
D:2:      layout_basic, serial_undead, serial_undead_c, serial_undead_e,
          serial_undead_f, serial_undead_b, serial_undead_b, serial_undead_c,
          serial_undead_b, minmay_misc_feat_doors, chequers_decorated_corner,
          minmay_misc_feat_diagonals
D:3:      layout_basic, mainiacjoe_overflow_boulevard, uniq_natasha
D:4:      layout_basic, uniq_grinder, uniq_eustachio
D:5:      layout_loops_ring, minmay_temple_entry_poolview,
          dreamdust_mushroom_princess, hangedman_decor_clover_reticule,
          uniq_pikel
D:6:      layout_basic
D:7:      layout_loops_cross, mainiacjoe_overflow_paths,
          ebering_ghost_disaster_area, enter_bailey_5, corexii_checkpoint_b
D:8:      layout_cave_pools, okawaru_gym_becter,
          nicolae_qazlal_eye_of_the_storm, makhleb_blood_cavern_becter,
          lemuel_crystal_altar, gammafunk_ghost_wrathful_warriors,
          nicolae_zen_rock_garden, kennysheep_generic_room_6
D:9:      layout_loops_ring, david_lair_generic, ebering_ghost_gozag
Temple:   nicolae_temple_panitentiary
Lair:1:   layout_chaotic_city, chequers_serial_rivers_small_b,
          serial_bayou_shore_a, grunt_megastairs_4, lemuel_fruit_fields,
          uniq_gastronok, uniq_maggie, uniq_harold

Skill      XL: |  1  2  3  4  5  6  7  8  9 10 |
---------------+-------------------------------+-----
Axes           | 3 4 5 6 7 8 10 12 13 | 13.2
Dodging        | 3 5 6 7 |  7.5
Fighting       | 3 4 5 6 |  6.1
Throwing       | 2 3 |  3.0
Armour         | 2 3 |  3.6
Invocations    | 2 |  2.7
Spellcasting   | |  2.0
Translocations | |  2.4

Action                   |  1- 3 |  4- 6 |  7- 9 | 10-12 || total
-------------------------+-------+-------+-------+-------++-------
Melee: Hand axe          |    53 |    60 |       |       ||   113
       Kick              |     7 |    16 |    47 |    31 ||   101
       Peck              |     6 |    10 |    19 |    23 ||    58
       War axe           |       |    35 |   156 |   107 ||   298
       Punch             |       |     1 |     1 |       ||     2
Throw: Javelin           |    34 |    45 |    49 |    19 ||   147
       Boomerang         |     7 |     1 |    11 |       ||    19
Invok: Heroism           |       |       |       |     3 ||     3
  Use: Scroll            |     4 |     5 |     6 |    11 ||    26
       Potion            |       |     4 |     1 |     1 ||     6
 Stab: Sleeping          |       |       |     1 |     1 ||     2
       Distracted        |       |       |     1 |     1 ||     2
Armor: Leather armour    |    10 |       |       |       ||    10
       Ring mail         |     9 |    32 |    44 |    35 ||   120
       Plate armour      |       |       |       |    12 ||    12
Dodge: Dodged            |    36 |    51 |    94 |    81 ||   262

Table legend:
 A = Non-vault XP
 B = Vault XP
 C = Vault XP percentage of total XP
 D = Non-vault monster count
 E = Vault monster count
 F = Vault count percentage of total count
                 A         B        C        D         E       F
            +---------+---------+-------+---------+---------+-------
      Total |    6255 |    2321 |  27.1 |     194 |      23 |  10.6
            +---------+---------+-------+---------+---------+-------
        D:1 |      44 |       0 |   0.0 |      26 |       0 |   0.0
        D:2 |      49 |      17 |  25.8 |      22 |       6 |  21.4
        D:3 |     241 |      35 |  12.7 |      19 |       1 |   5.0
        D:4 |     508 |     464 |  47.7 |      28 |       2 |   6.7
        D:5 |     695 |     673 |  49.2 |      15 |       1 |   6.2
        D:6 |    1286 |       0 |   0.0 |      29 |       0 |   0.0
        D:7 |    1008 |      12 |   1.2 |      18 |       6 |  25.0
        D:8 |     786 |     116 |  12.9 |      18 |       3 |  14.3
        D:9 |     686 |    1004 |  59.4 |      15 |       4 |  21.1
     Lair:1 |     952 |       0 |   0.0 |       4 |       0 |   0.0
            +---------+---------+-------+---------+---------+-------
